 Dungeon Crawl Stone Soup version 0.21.1-1-g345015f (webtiles) character file.

8537 lydgate the Geomancer (level 11, -6/64 HPs)
             Began as a Gargoyle Earth Elementalist on Feb 15, 2018.
             Was an Elder of Sif Muna.
             Mangled by a black mamba (11 damage)
             ... on level 1 of the Lair of Beasts.
             The game lasted 01:00:47 (11101 turns).

lydgate the Geomancer (GrEE)                       Turns: 11101, Time: 01:00:48

Health: -6/64      AC: 14    Str: 13    XL:     11   Next: 32%
Magic:  15/30      EV: 14    Int: 18    God:    Sif Muna [****..]
Gold:   831        SH:  0    Dex: 12    Spells: 10/23 levels left

rFire    . . .     SeeInvis .   t - +2 whip (vamp)
rCold    + . .     Gourm    .   (no shield)
rNeg     + + .     Faith    .   G - +2 robe "Meh Sayma" {-Tele rElec rC+ Dex+2}
rPois    ∞         Spirit   .   p - +1 helmet
rElec    +         Reflect  .   (no cloak)
rCorr    .         Harm     .   (no gloves)
MR       .....     NoTele   +   (no boots)
Stlth    ++........             s - amulet of rage
HPRegen  0.20/turn              E - ring of positive energy
MPRegen  0.22/turn              w - ring of magical power

@: hasted, very quick
A: claws 1, negative energy resistance 1, electricity resistance, unbreathing,
petrification resistance, rot immunity, MP-powered wands, AC +8
a: Divine Energy, Channel Magic, Forget Spell, Renounce Religion, Evoke Berserk
Rage


You were on level 1 of the Lair of Beasts.
You worshipped Sif Muna.
Sif Muna was greatly pleased with you.
You were not hungry.

You visited 2 branches of the dungeon, and saw 10 of its levels.
You also visited: Sewer and Ossuary.

You collected 831 gold pieces.

Inventory:

Hand Weapons
 t - a +2 vampiric whip (weapon)
Missiles
 b - 115 stones (quivered)
Armour
 p - a +1 helmet (worn)
 y - a +2 robe of positive energy
 G - the +2 robe "Meh Sayma" (worn) {-Tele rElec rC+ Dex+2}
   (You found it on level 1 of the Lair of Beasts)

   It affects your dexterity (+2).
   It protects you from cold.
   It insulates you from electricity.
   It prevents most forms of teleportation.
Jewellery
 c - an uncursed ring of ice
 i - an uncursed ring of ice
 s - an amulet of rage (around neck)
 w - a ring of magical power (right claw)
 E - a ring of positive energy (left claw)
Wands
 v - a wand of paralysis (6)
 B - a wand of random effects (21)
 F - a wand of polymorph (15)
 H - a wand of digging (19)
Scrolls
 h - 3 scrolls of identify
 j - a scroll of enchant armour
 n - 2 scrolls of blinking
 q - 4 scrolls of magic mapping
 r - a scroll of immolation
 u - a scroll of noise {unknown}
 C - 2 scrolls of remove curse
 D - a scroll of teleportation
Potions
 f - 5 potions of heal wounds
 g - 4 potions of lignification
 k - 5 potions of haste
 l - 2 potions of ambrosia
 m - a potion of might
 o - 8 potions of curing
 x - a potion of agility
 z - 3 potions of brilliance
 A - a potion of flight
Books
 e - a book of Geomancy

   Spells                             Type                      Level
   a - Sandblast                      Earth                        1
   b - Passwall                       Transmutation/Earth          2
   c - Stone Arrow                    Conjuration/Earth            3
   d - Petrify                        Transmutation/Earth          4
   e - Lee's Rapid Deconstruction     Earth                        5
Comestibles
 a - 5 chunks of flesh
 d - 16 rations


   Skills:
 + Level 6.1 Fighting
 + Level 5.6 Maces & Flails
 + Level 6.1 Armour
 + Level 5.2 Dodging
 - Level 2.4 Stealth
 + Level 6.9 Spellcasting
 + Level 7.2 Conjurations
 - Level 0.7 Transmutations
 + Level 9.4 Earth Magic
 + Level 3.7 Invocations


You had 10 spell levels left.
You knew the following spells:

 Your Spells              Type           Power        Failure   Level  Hunger
a - Sandblast             Erth           #####.       1%          1    None
b - Stone Arrow           Conj/Erth      #####.       1%          3    ##.....
c - Lee's Rapid Deconstr  Erth           #####.....   6%          5    #####..
d - Petrify               Tmut/Erth      ###.....     13%         4    ####...


Dungeon Overview and Level Annotations

Branches:
Dungeon (8/15)             Temple (0/1) D:6            Lair (2/6) D:8
  Swamp: Lair:2-4    Shoals: Lair:2-4     Snake: Lair:2-4    Spider: Lair:2-4

Altars:
Gozag
Kikubaaqudgha
Ru
Sif Muna
Wu Jian
Zin


Innate Abilities, Weirdness & Mutations

You are resistant to torment.
Your stone body is resilient. (AC +8)
You are immune to poison.
You resist negative energy. (rN+)
You are resistant to electric shocks. (rElec)
You can survive without breathing.
You are immune to petrification.
You are immune to rotting.
You have sharp fingernails.
You expend magic power (3 MP) to strengthen your wands.


Message History

The black mamba bites you.
There is a stone staircase leading up here.
The black mamba bites you!
* * * LOW HITPOINT WARNING * * *
The black mamba barely misses you.
You climb upwards.
There is a stone staircase leading down here.
Evoke which item? (* to show all) (? for menu, Esc to quit)
Aiming: Paralyse
Press: ? - help, Shift-Dir - straight line, f - black mamba
Aim: a black mamba (chance to defeat MR: 50%)
The black mamba resists with some effort.
The black mamba bites you!
* * * LOW HITPOINT WARNING * * *
The black mamba closely misses you.
Okay, then.
You cannot teleport because you are wearing the +2 robe "Meh Sayma" {-Tele rElec rC+ Dex+2}.
You cannot blink because you are wearing the +2 robe "Meh Sayma" {-Tele rElec rC+ Dex+2}.
You feel yourself speed up. The black mamba bites you!
You die...

..................÷..#.#.#.......
......##..#....8.>.8...##..#.....
.......#......#.....#.#..........
..............#....##.##.........
..........P#..#.#'.##.#...P......
..........##.#......##...........
......#....#.#...8...###.....#...
......................##.........
..............8.@S..8..####..##..
.........##.............###......
........##.......8........#.##..#
......#.#.....#.....#.....#......
.......#...8..#........8..###.#..
##.....#......#..8..#......####..
.#...........##.....##.......#.#.
.......#......#.....#............
..#.....#+#.##......###+#.#...#.#


You could see a black mamba.

Vanquished Creatures
  An elephant (Lair:2)
  A gargoyle (D:8)
  4 spiny frogs
  5 komodo dragons
  5 hippogriffs
  2 wyverns
  A hungry ghost (D:8)
  A basilisk (Lair:2)
  2 porcupines
  4 water moccasins
  An ice beast (D:6)
  3 phantoms
  3 sky beasts
  2 black bears
  3 ogres
  A necrophage (D:7)
  6 wolves (Lair:2)
  A centaur (D:8)
  A crocodile (D:8)
  3 big kobolds
  2 bullfrogs (Lair:1)
  A wyvern skeleton (D:8)
  2 scorpions
  5 killer bees
  2 howler monkeys
  A quasit (D:8)
  4 orc priests
  3 hounds
  2 jellies (D:8)
  A bullfrog skeleton (D:5)
  3 orc wizards
  3 worker ants
  9 mummies
  A howler monkey skeleton (D:6)
  10 adders
  3 shadow imps
  3 oozes
  An adder skeleton (D:5)
  4 worms
  3 dart slugs
  4 leopard geckos
  13 orcs
  3 giant cockroaches
  8 goblins
  8 hobgoblins
  15 jackals
  5 quokkas
  4 ball pythons
  13 bats
  6 frilled lizards
  3 gnoll zombies (Ossuary)
  2 hobgoblin zombies
  A jackal zombie (D:5)
  23 kobolds
  3 kobold zombies
  2 orc zombies (Ossuary)
  A quokka skeleton (D:4)
  7 rats
234 creatures vanquished.

Vanquished Creatures (others)
  7 fungi (Lair:2)
  12 plants
19 creatures vanquished.

Grand Total: 253 creatures vanquished

Notes
Turn   | Place    | Note
-------+----------+-------------------------------------------
     0 | D:1      | lydgate the Gargoyle Earth Elementalist began the quest for the Orb.
     0 | D:1      | Reached XP level 1. HP: 10/10 MP: 3/3
   177 | D:1      | Reached XP level 2. HP: 15/15 MP: 0/5
   368 | D:1      | Reached skill level 4 in Earth Magic
   791 | D:2      | Reached XP level 3. HP: 19/19 MP: 3/6
   824 | D:2      | Learned a level 3 spell: Stone Arrow
  1227 | D:2      | Found an opulent altar of Gozag.
  1227 | D:2      | Found a deep blue altar of Sif Muna.
  1232 | D:2      | Found a sacrificial altar of Ru.
  1238 | D:2      | Became a worshipper of Sif Muna the Loreminder
  1241 | D:2      | Found a faded altar of an unknown god.
  1250 | D:2      | Found a faded altar of an unknown god.
  1345 | D:2      | Reached XP level 4. HP: 24/24 MP: 5/8
  1600 | D:1      | Reached skill level 5 in Earth Magic
  2497 | D:3      | Reached XP level 5. HP: 28/28 MP: 0/9
  2893 | D:4      | Reached * piety under Sif Muna
  3122 | D:4      | Reached skill level 6 in Earth Magic
  3122 | D:4      | Reached XP level 6. HP: 25/32 MP: 8/12
  3674 | D:5      | Entered Level 5 of the Dungeon
  3740 | D:5      | Reached skill level 1 in Conjurations
  3742 | D:5      | Reached XP level 7. HP: 34/37 MP: 6/13
  3843 | D:5      | Found a sand-covered staircase.
  3880 | Ossuary  | Entered an ossuary
  3928 | Ossuary  | Gained mutation: You expend magic power (3 MP) to strengthen your wands. [potion of mutation]
  3928 | Ossuary  | Gained mutation: You have sharp fingernails. [potion of mutation]
  3949 | Ossuary  | Reached skill level 1 in Fighting
  3961 | Ossuary  | Reached skill level 1 in Armour
  3968 | Ossuary  | Reached skill level 1 in Maces & Flails
  4833 | D:5      | Found an ornate altar of the Wu Jian Council.
  5182 | D:6      | Reached XP level 8. HP: 44/44 MP: 7/14
  5266 | D:6      | Found a glowing drain.
  5303 | Sewer    | Entered a sewer
  5389 | Sewer    | Reached ** piety under Sif Muna
  5402 | Sewer    | Learned a level 5 spell: Lee's Rapid Deconstruction
  5660 | D:6      | Found a glowing silver altar of Zin.
  5661 | D:6      | Found a staircase to the Ecumenical Temple.
  6134 | D:7      | Reached skill level 7 in Earth Magic
  6164 | D:7      | Noticed a hippogriff
  6171 | D:7      | Killed a hippogriff
  6305 | D:7      | Reached skill level 5 in Spellcasting
  6796 | D:7      | Reached XP level 9. HP: 51/51 MP: 16/16
  6809 | D:7      | Reached skill level 5 in Conjurations
  6950 | D:7      | Found an ancient bone altar of Kikubaaqudgha.
  7391 | D:8      | Reached *** piety under Sif Muna
  7477 | D:7      | Reached skill level 8 in Earth Magic
  7711 | D:8      | Noticed a gargoyle
  7817 | D:8      | Killed a gargoyle
  7997 | D:8      | Reached XP level 10. HP: 58/58 MP: 15/18
  8227 | D:8      | Found a staircase to the Lair.
  8898 | Lair:1   | Entered Level 1 of the Lair of Beasts
  8922 | Lair:1   | Reached skill level 5 in Fighting
  8922 | Lair:1   | Reached skill level 1 in Invocations
  9013 | Lair:1   | Reached skill level 5 in Armour
  9173 | Lair:1   | Noticed a spiny frog
  9178 | Lair:1   | Noticed a spiny frog
  9179 | Lair:1   | Killed a spiny frog
  9183 | Lair:1   | Killed a spiny frog
  9183 | Lair:1   | Reached **** piety under Sif Muna
  9534 | Lair:1   | Reached skill level 5 in Maces & Flails
  9534 | Lair:1   | Reached skill level 9 in Earth Magic
  9558 | Lair:1   | Got an opalescent robe
  9569 | Lair:1   | Identified the +2 robe "Meh Sayma" {-Tele rElec rC+ Dex+2} (You found it on level 1 of the Lair of Beasts)
 10100 | Lair:2   | Reached XP level 11. HP: 56/64 MP: 9/20
 10167 | Lair:1   | Learned a level 4 spell: Petrify
 10266 | Lair:2   | Reached skill level 5 in Dodging
 10592 | Lair:2   | Noticed a seven-headed hydra
 11101 | Lair:1   | Mangled by a black mamba

Skill      XL: |  1  2  3  4  5  6  7  8  9 10 11 |
---------------+----------------------------------+-----
Earth Magic    | 4 5 6 7 8 9 |  9.4
Spellcasting   | 3 4 5 6 |  6.9
Dodging        | 2 3 4 5 |  5.2
Conjurations   | 1 3 4 5 6 7 |  7.2
Fighting       | 2 3 4 5 6 |  6.1
Armour         | 1 3 4 5 6 |  6.1
Maces & Flails | 1 2 4 5 |  5.6
Invocations    | 3 |  3.7
Stealth        | |  2.4
Transmutations | |  0.7

Action                   |  1- 3 |  4- 6 |  7- 9 | 10-12 || total
-------------------------+-------+-------+-------+-------++-------
Melee: Whip              |    40 |   117 |   124 |   109 ||   390
       Unarmed           |     1 |       |       |       ||     1
 Cast: Sandblast         |    54 |    20 |   115 |    48 ||   237
       Stone Arrow       |       |    31 |    78 |    53 ||   162
       Lee's Rapid Decon |       |       |     1 |     4 ||     5
       Petrify           |       |       |       |     4 ||     4
Invok: Divine Energy     |       |       |     4 |       ||     4
       Stop Divine Energ |       |       |     4 |       ||     4
       Channel Magic     |       |       |     1 |       ||     1
 Abil: Evoke Berserk Rag |       |       |     1 |       ||     1
Evoke: Wand              |       |       |       |    24 ||    24
  Use: Scroll            |       |     6 |    11 |     2 ||    19
       Potion            |       |       |     7 |     2 ||     9
  Eat: Chunk             |     2 |     8 |     8 |     8 ||    26
       Ration            |       |     2 |     5 |     1 ||     8
Armor: Robe              |    30 |    64 |    87 |    54 ||   235
       Skin              |       |       |    58 |     5 ||    63
Dodge: Dodged            |    51 |   115 |   114 |    98 ||   378
